 Dungeon Crawl Stone Soup version 0.23.2-1-ga50397a6bc (webtiles) character file.

Game seed: 8144635970905254872

126 KleinerIrrer the Cudgeler (level 4, -2/35 HPs)
             Began as a Mummy Fighter on Apr 28, 2019.
             Was an Initiate of Okawaru.
             Killed from afar by an orc wizard (6 damage)
             ... with a magic dart
             ... on level 3 of the Dungeon.
             The game lasted 00:05:44 (1738 turns).

KleinerIrrer the Cudgeler (Mummy Fighter)           Turns: 1738, Time: 00:05:44

Health: -2/35      AC:  4    Str: 19    XL:     4   Next: 84%
Magic:  4/4        EV:  7    Int:  8    God:    Okawaru [......]
Gold:   97         SH:  8    Dex: 11    Spells: 3/3 levels left

rFire    x . .     SeeInvis +   a - +0 flail
rCold    + . .     Gourm    .   c - +0 shield
rNeg     + + +     Faith    .   b - +0 scale mail
rPois    ∞         Spirit   .   i - +0 helmet
rElec    .         Reflect  .   (no cloak)
rCorr    .         Harm     .   (no gloves)
MR       .....                  (no boots)
Stlth    ..........             (no amulet)
HPRegen  0.11/turn              g - -3 ring of protection (curse)
MPRegen  0.09/turn              k - ring of see invisible (curse)

@: no status effects
A: no food or potions, fire vulnerability, cold resistance 1, negative energy
resistance 3, torment resistance, unbreathing
a: Renounce Religion


You were on level 3 of the Dungeon.
You worshipped Okawaru.
Okawaru was noncommittal.
You were not hungry.

You visited 1 branch of the dungeon, and saw 3 of its levels.

You collected 97 gold pieces.

Inventory:

Hand Weapons
 a - a +0 flail (weapon)
Missiles
 e - 19 bolts
Armour
 b - a +0 scale mail (worn)
 c - a +0 shield (worn)
 i - a +0 helmet (worn)
Magical Staves
 d - an uncursed staff of death {unknown}
Jewellery
 g - a cursed -3 ring of protection (left hand)
 k - a cursed ring of see invisible (right hand)
Scrolls
 f - a scroll of identify
 h - 3 scrolls of fear
 j - a scroll of teleportation


   Skills:
 - Level 3.0 Fighting
 + Level 4.2 Maces & Flails
 - Level 2.4 Armour
 - Level 2.4 Shields


You had 3 spell levels left.
You didn't know any spells.
Your spell library was empty.

Dungeon Overview and Level Annotations

Branches:
Dungeon (3/15)

Altars:
Makhleb
Okawaru
Qazlal
Uskayaw
Wu Jian


Innate Abilities, Weirdness & Mutations

You do not eat or drink.
Your flesh is vulnerable to fire.
You are immune to poison.
Your flesh is cold resistant. (rC+)
You are immune to negative energy. (rN+++)
You are immune to unholy pain and torment.
You can survive without breathing.


Message History

The orc wizard hits you with a +2 dagger of speed.
You closely miss the orc wizard.
The orc wizard is lightly wounded.
The orc wizard hits you but does no damage. x2
You barely miss the orc wizard.
The orc wizard is lightly wounded.
The orc wizard hits you with a +2 dagger of speed. x2
You are too injured to fight recklessly!
You are too injured to fight recklessly!
You hit the orc wizard but do no damage.
The orc wizard is lightly wounded.
The orc wizard hits you with a +2 dagger of speed.
* * * LOW HITPOINT WARNING * * *
The orc wizard completely misses you.
There is a stone staircase leading up here.
The orc wizard hits you with a +2 dagger of speed.
* * * LOW HITPOINT WARNING * * *
The orc wizard casts a spell at you. The magic dart hits you.
You die... .# .. ##############. .. ...............# . . .............#.## .# .Jo

................###.#....
........!.....[........._
............##....§#...
.##.#..#...[.##..##.#
#.......@)#.####.# #
.......).o#.# #.#
....<...........>.
..........####....#
#.........# ##...
#####.##### ##... #. ...
##


You could see an orc wizard.

Vanquished Creatures
  Terence (D:2)
  Robin (D:2)
  2 adders (D:2)
  An ooze (D:3)
  A leopard gecko (D:3)
  4 orcs
  4 giant cockroaches
  13 goblins
  10 hobgoblins
  3 jackals (D:1)
  4 bats
  3 frilled lizards (D:2)
  7 kobolds
  9 rats
63 creatures vanquished.

Notes
Turn   | Place    | Note
-------+----------+-------------------------------------------
     0 | D:1      | KleinerIrrer the Mummy Fighter began the quest for the Orb.
     0 | D:1      | Reached XP level 1. HP: 18/18 MP: 1/1
    54 | D:1      | Reached skill level 2 in Maces & Flails
    56 | D:1      | Found an iron altar of Okawaru.
    66 | D:1      | Became a worshipper of Warmaster Okawaru
    81 | D:1      | Reached XP level 2. HP: 24/24 MP: 2/2
   555 | D:2      | Found a burning altar of Makhleb.
   643 | D:2      | Reached XP level 3. HP: 27/29 MP: 3/3
   671 | D:2      | Reached skill level 3 in Maces & Flails
   676 | D:2      | Noticed Robin
   687 | D:2      | Killed Robin
   721 | D:2      | Reached XP level 4. HP: 29/35 MP: 4/4
   850 | D:2      | Noticed Terence
   858 | D:2      | Killed Terence
  1012 | D:2      | Reached skill level 4 in Maces & Flails
  1159 | D:2      | Found a hide-covered altar of Uskayaw.
  1162 | D:2      | Noticed a +0 dagger
  1163 | D:2      | Noticed a +0 hand axe
  1346 | D:2      | Found a stormy altar of Qazlal.
  1455 | D:3      | Found an ornate altar of the Wu Jian Council.
  1738 | D:3      | Killed from afar by an orc wizard

Skill      XL: |  1  2  3  4 |
---------------+-------------+-----
Maces & Flails | 2 3 4 |  4.2
Fighting       | |  3.0
Armour         | |  2.4
Shields        | |  2.4

Action                   |  1- 3 |  4- 6 || total
-------------------------+-------+-------++-------
Melee: Flail             |   139 |    86 ||   225
  Use: Scroll            |       |     3 ||     3
Armor: Scale mail        |    75 |    21 ||    96
Dodge: Dodged            |    38 |    31 ||    69
Block: Shield            |    65 |    42 ||   107
